 Dungeon Crawl Stone Soup version 0.22.1-2-g9c5b331 (webtiles) character file.

4167 magicm the Quickloader (level 10, -3/61 HPs)
             Began as a Kobold Hunter on Nov 16, 2018.
             Was a Believer of Okawaru.
             Shot with an arrow by a centaur (6 damage)
             ... on level 9 of the Dungeon.
             The game lasted 00:31:19 (7721 turns).

magicm the Quickloader (Kobold Hunter)              Turns: 7721, Time: 00:31:20

Health: -3/61      AC: 17    Str: 12    XL:     10   Next: 53%
Magic:  15/15      EV: 10    Int: 13    God:    Okawaru [**....]
Gold:   88         SH:  0    Dex: 16    Spells: 15/15 levels left

rFire    + . .     SeeInvis .   b - +2 morningstar (freeze)
rCold    x . .     Gourm    .   (shield restricted)
rNeg     + + .     Faith    .   r - +2 chain mail {rN+}
rPois    .         Spirit   .   f - +0 helmet
rElec    .         Reflect  .   (no cloak)
rCorr    .         Harm     .   s - +0 pair of gloves
MR       .....                  e - +2 pair of boots
Stlth    ..........             (no amulet)
HPRegen  0.20/turn              h - ring of fire
MPRegen  0.14/turn              i - ring of positive energy

@: drained
A: small, carnivore
a: Heroism, Renounce Religion


You were on level 9 of the Dungeon.
You worshipped Okawaru.
Okawaru was pleased with you.
You were not hungry.

You visited 1 branch of the dungeon, and saw 9 of its levels.

You collected 283 gold pieces.
You spent 195 gold pieces at shops.

Inventory:

Hand Weapons
 a - a +1 hand crossbow
 b - a +2 morningstar of freezing (weapon)
Armour
 d - a +0 leather armour of poison resistance
 e - a +2 pair of boots (worn)
 f - a +0 helmet (worn)
 r - a +2 chain mail of positive energy (worn)
 s - a +0 pair of gloves (worn)
Jewellery
 h - a ring of fire (left hand)
 i - a ring of positive energy (right hand)
Wands
 n - a wand of polymorph (12)
 w - a wand of random effects (15)
Scrolls
 c - 3 scrolls of teleportation
 k - a scroll of blinking
 o - a scroll of fear
 u - 2 scrolls of fog
Potions
 j - a potion of brilliance
 m - a potion of berserk rage {unknown}
 p - 2 potions of invisibility
 q - 4 potions of flight
 t - a potion of mutation {unknown}
 v - a potion of lignification {unknown}
Comestibles
 l - 2 rations


   Skills:
 + Level 6.6(6.2) Fighting
   Level 3.6(3.2) Short Blades
 + Level 6.1(5.8) Maces & Flails
 + Level 10.1(9.7) Crossbows
 + Level 3.4(3.1) Throwing
 + Level 5.3(5.0) Armour
 + Level 5.5(5.2) Dodging
 + Level 5.4(5.0) Stealth
 + Level 3.4(3.1) Unarmed Combat
 + Level 3.4(3.1) Spellcasting
 + Level 3.3(3.0) Invocations
 + Level 3.7(3.4) Evocations


You had 15 spell levels left.
You didn't know any spells.
Your spell library was empty.

Dungeon Overview and Level Annotations

Branches:
Dungeon (9/15)             Temple (0/1) D:4
   Lair: D:8-11         Orc: D:9-12

Altars:
Ashenzari
Dithmenos
Fedhas
Gozag
Hepliaklqana
Kikubaaqudgha
Nemelex Xobeh
Okawaru
Ru
Sif Muna
Uskayaw
Xom
Yredelemnul
Zin
The Shining One

Shops:
D:6 %   D:7 [   D:8 *


Innate Abilities, Weirdness & Mutations

You are small and have problems with some larger weapons.
You are carnivorous and can eat meat at any time.


Message History

The centaur wields a shortbow.
The centaur shoots an arrow.
The arrow hits you but does no damage.
You see here an arrow.
The centaur shoots an arrow.
The arrow hits you!
* * * LOW HITPOINT WARNING * * *
You see here an arrow.
The centaur shoots an arrow.
The arrow hits you.
* * * LOW HITPOINT WARNING * * *
The centaur shoots an arrow.
The arrow barely misses you.
You see here an arrow.
The centaur shoots an arrow.
The arrow hits you but does no damage.
You see here an arrow.
The centaur shoots an arrow.
The arrow misses you.
Your magical contamination has completely faded away.
The centaur shoots an arrow.
The arrow hits you but does no damage.
The centaur shoots an arrow.
The arrow hits you!
* * * LOW HITPOINT WARNING * * *
You see here 2 arrows.
The centaur shoots an arrow.
The arrow hits you.
You die...

...... #......
#.....#
.###.....##
..........### .##
..........(##...#
#...............
#....(@..# ..
#.....#### #..
##.(### #..
##..(.###
#..####.c.....##
##.......T.....#
#.......(.###.....
..##..(.## ###..
###...# #


You could see a centaur.

Vanquished Creatures
  A water moccasin (D:7)
  An orc warrior (D:8)
  2 sky beasts
  An ice beast (D:6)
  A phantom (D:7)
  3 ogres
  A centaur (D:7)
  5 bullfrogs
  2 scorpions
  A wyvern skeleton (D:8)
  7 wights
  A crimson imp (D:8)
  A jelly (D:6)
  A hound (D:6)
  Crazy Yiuf (D:6)
  2 iguanas
  2 bullfrog skeletons
  A centaur skeleton (D:7)
  Terence (D:3)
  6 orc wizards
  6 worker ants
  A killer bee zombie (D:6)
  A worker ant zombie (D:8)
  9 adders
  3 gnolls (D:6)
  A shadow imp (D:8)
  2 adder skeletons
  3 worms
  2 dart slugs
  7 leopard geckos
  12 orcs
  3 ball pythons
  9 giant cockroaches
  8 goblins
  10 hobgoblins
  5 kobolds
  18 bats
  7 frilled lizards
  A leopard gecko skeleton (D:5)
  A leopard gecko zombie (D:5)
  A quokka skeleton (D:7)
  7 rats
158 creatures vanquished.

Notes
Turn   | Place    | Note
-------+----------+-------------------------------------------
     0 | D:1      | magicm the Kobold Hunter began the quest for the Orb.
     0 | D:1      | Reached XP level 1. HP: 12/12 MP: 1/1
    79 | D:1      | Reached skill level 5 in Crossbows
    85 | D:1      | Reached XP level 2. HP: 17/17 MP: 2/2
   269 | D:1      | Reached XP level 3. HP: 21/21 MP: 3/3
   682 | D:1      | Reached skill level 6 in Crossbows
  1053 | D:2      | HP: 1/22 [adder (5)]
  1056 | D:2      | Reached skill level 1 in Short Blades
  1056 | D:2      | Reached XP level 4. HP: 27/27 MP: 4/4
  1758 | D:2      | Reached XP level 5. HP: 31/31 MP: 5/5
  1830 | D:3      | Noticed Terence
  1834 | D:3      | Killed Terence
  1834 | D:3      | Reached skill level 1 in Armour
  1868 | D:3      | Noticed a bullfrog
  1881 | D:3      | Killed a bullfrog
  1881 | D:3      | Reached skill level 7 in Crossbows
  1881 | D:3      | Reached XP level 6. HP: 16/36 MP: 6/6
  2256 | D:3      | Found an ancient bone altar of Kikubaaqudgha.
  2256 | D:3      | Found a blossoming altar of Fedhas.
  2617 | D:3      | Found a shadowy altar of Dithmenos.
  2617 | D:3      | Found an iron altar of Okawaru.
  2619 | D:3      | Found a glowing golden altar of the Shining One.
  2645 | D:3      | Became a worshipper of Warmaster Okawaru
  2665 | D:3      | Found a sacrificial altar of Ru.
  2668 | D:3      | Found a hide-covered altar of Uskayaw.
  3221 | D:4      | Noticed an ogre
  3225 | D:4      | Killed an ogre
  3225 | D:4      | Reached XP level 7. HP: 41/41 MP: 7/7
  3666 | D:4      | Found a staircase to the Ecumenical Temple.
  3755 | D:5      | Entered Level 5 of the Dungeon
  4031 | D:5      | Reached skill level 8 in Crossbows
  4219 | D:5      | HP: 2/41 [poisoned by a scorpion]
  4611 | D:5      | Reached * piety under Okawaru
  4910 | D:6      | Reached XP level 8. HP: 35/48 MP: 8/8
  5269 | D:6      | Reached skill level 1 in Maces & Flails
  5525 | D:6      | Reached ** piety under Okawaru
  5525 | D:6      | Reached skill level 9 in Crossbows
  5656 | D:6      | Found Unlaf's Food Emporium.
  5660 | D:6      | Bought a ration for 65 gold pieces
  5660 | D:6      | Bought a ration for 65 gold pieces
  5660 | D:6      | Bought a ration for 65 gold pieces
  5903 | D:6      | Found a sparkling altar of Nemelex Xobeh.
  5903 | D:6      | Found an opulent altar of Gozag.
  6133 | D:6      | Found a runed door.
  6215 | D:6      | Noticed Crazy Yiuf
  6221 | D:6      | Killed Crazy Yiuf
  6417 | D:7      | Reached skill level 5 in Fighting
  6417 | D:7      | Reached XP level 9. HP: 49/54 MP: 9/9
  6551 | D:7      | Reached skill level 5 in Maces & Flails
  6551 | D:7      | Reached skill level 10 in Crossbows
  6551 | D:7      | Reached skill level 5 in Dodging
  6551 | D:7      | Reached skill level 5 in Stealth
  6551 | D:7      | Reached XP level 10. HP: 61/61 MP: 9/15
  6574 | D:7      | Reached skill level 5 in Armour
  6721 | D:7      | Found Perisusch's Armour Shop.
  6804 | D:7      | Found a deep blue altar of Sif Muna.
  7177 | D:7      | Found a shimmering altar of Xom.
  7177 | D:7      | Found a glowing silver altar of Zin.
  7180 | D:7      | Found a hazy altar of Hepliaklqana.
  7185 | D:7      | Found a basalt altar of Yredelemnul.
  7186 | D:7      | Found a shattered altar of Ashenzari.
  7393 | D:8      | Found Diphes's General Store.
  7720 | D:9      | HP: 3/61 [centaur/arrow (8)]
  7721 | D:9      | Shot with an arrow by a centaur

Skill      XL: |  1  2  3  4  5  6  7  8  9 10 |
---------------+-------------------------------+-----
Crossbows      | 5 6 7 8 9 10 | 10.1
Short Blades   | 1 2 3 |  3.6
Armour         | 1 2 3 4 5 |  5.3
Fighting       | 3 4 5 6 |  6.6
Stealth        | 2 5 |  5.4
Dodging        | 3 5 |  5.5
Maces & Flails | 2 5 6 |  6.1
Throwing       | 3 |  3.4
Unarmed Combat | 3 |  3.4
Spellcasting   | 3 |  3.4
Invocations    | 3 |  3.3
Evocations     | 3 |  3.7

Action                   |  1- 3 |  4- 6 |  7- 9 | 10-12 || total
-------------------------+-------+-------+-------+-------++-------
Melee: Short sword       |    34 |    83 |    58 |       ||   175
       Mace              |       |       |    59 |       ||    59
       Morningstar       |       |       |    57 |   118 ||   175
       Punch             |       |       |       |     1 ||     1
 Fire: Hand crossbow     |    58 |    95 |   105 |     5 ||   263
Invok: Heroism           |       |       |       |     1 ||     1
  Use: Scroll            |     5 |     6 |    11 |     3 ||    25
       Potion            |     2 |       |     2 |     3 ||     7
 Stab: Invisible         |       |       |       |     2 ||     2
  Eat: Ration            |       |     4 |     6 |     2 ||    12
Armor: Leather armour    |     6 |    21 |     2 |       ||    29
       Chain mail        |       |       |    99 |   125 ||   224
       Ring mail         |       |       |     5 |       ||     5
Dodge: Dodged            |    51 |    75 |    96 |    89 ||   311
